Map: Central Protocol

Players

DIMAGA

  • Race: Zerg Zerg
  • League: Master

Welmu - Winner!

  • Race: Protoss Protoss
  • League: Grandmaster

Event: NationWars III

VOD

Have the link to the VOD?

Description

Time

  • Played on: Jan. 2, 2016, 2:34 p.m.
  • Length: 13:43
Show
View Real Time Build Order
Export as new Build Order

DIMAGA Zerg 

Build Orders: Hatch First, Lurkers 

Get SALT Encoding   

  12  0:01  Drone  
  13  0:12  Overlord  
  13  0:18  Drone  
  14  0:24  Drone, Extractor  
  15  0:31  Drone  
  15  0:34  Drone  
  17  0:55  Hatchery, Drone  
  17  0:58  Drone  
  18  1:09  Extractor  
  17  1:12  Spawning Pool  
  17  1:16  Drone  
  17  1:19  Drone  
  18  1:29  Drone  
  19  1:38  Overlord  
  19  1:49  Drone  
  20  1:59  Queen  
  20  2:01  Zergling x2  
  23  2:06  Queen  
  23  2:07  Drone  
  26  2:09  Metabolic Boost  
  26  2:11  Drone  
  27  2:19  Drone  
  28  2:25  Drone  
  28  2:28  Evolution Chamber  
  28  2:39  Zergling x4  
  28  2:40  Drone  
  28  2:43  Queen  
  32  2:53  Zergling x4  
  32  2:58  Zerg Melee Weapons Level 1  
  34  3:04  Zergling x2  
  35  3:17  Overlord x3  
  35  3:25  Drone  
  36  3:27  Overlord  
  36  3:40  Pneumatized Carapace  
  36  3:41  Drone x6  
  42  3:49  Drone x3  
  45  4:02  Queen  
  45  4:09  Hatchery  
  46  4:19  Roach Warren  
  46  4:20  Overlord  
  46  4:23  Drone x3, Queen  
  50  4:25  Drone x2  
  52  4:31  Drone x3  
  55  4:50  Evolution Chamber  
  55  4:51  Extractor  
  55  4:52  Extractor  
  52  5:00  Zerg Missile Weapons Level 1, Lair  
  52  5:02  Drone  
  52  5:03  Drone x9  
  62  5:25  Spore Crawler  
  62  5:26  Spore Crawler  
  62  5:27  Spore Crawler x2  
  58  5:31  Spore Crawler x2  
  58  5:34  Drone x2  
  59  5:35  Drone x2  
  59  5:37  Drone x2, Queen  
  63  5:47  Roach x2  
  63  5:48  Roach x3  
  73  5:54  Spore Crawler  
  73  5:56  Roach  
  74  5:58  Overlord  
  73  6:14  Drone x3  
  73  6:18  Roach  
  74  6:20  Zergling x12  
  74  6:21  Zergling x4  
  74  6:25  Zergling x2  
  76  6:29  Zergling x2  
  69  6:34  Zerg Melee Weapons Level 2  
  69  6:35  Glial Reconstitution  
  69  6:39  Drone x2, Hydralisk Den  
  70  6:47  Drone  
  70  6:48  Drone x3  
  70  6:50  Extractor  
  70  6:53  Drone x3  
  76  6:54  Drone  
  76  6:55  Drone x3  
  76  6:56  Extractor  
  76  6:58  Extractor  
  75  7:10  Zerg Missile Weapons Level 2  
  75  7:12  Muscular Augments  
  75  7:15  Drone x4  
  77  7:24  Queen  
  79  7:33  Drone x2  
  79  7:35  Overlord x4  
  79  7:36  Overlord  
  81  7:55  Drone x2  
  81  7:56  Drone x2  
  81  7:57  Hydralisk x10  
  105  8:00  Queen  
  103  8:06  Hydralisk x3  
  103  8:11  Hydralisk  
  103  8:12  Hydralisk  
  112  8:18  Hydralisk x2  
  112  8:19  Hydralisk  
  118  8:26  Overlord  
  118  8:31  Overlord x2  
  116  8:42  Hydralisk  
  116  8:43  Hydralisk x2  
  116  8:48  Overlord x3  
  121  8:54  Hydralisk x4  
  126  9:07  Roach x8  
  142  9:11  Roach x2  
  145  9:20  Lurker Den  
  142  9:31  Roach  
  142  9:32  Roach x6  
  156  9:45  Overlord x2  
  158  9:52  Roach  
  158  9:53  Roach x6  
  158  9:56  Overlord x2  
  169  10:02  Overlord  
  169  10:03  Overlord  
  169  10:06  Ravager  
  171  10:07  Ravager x6  
  171  10:10  Ravager  
  177  10:20  Roach x6  
  188  10:48  Lurker x8  
  194  10:58  Roach x2  
  186  11:19  Lurker x2  
  186  11:21  Roach  
  182  11:32  Roach  
  182  11:33  Roach x9  
  180  11:47  Lurker x2  
  180  11:50  Roach x10  
  180  11:52  Roach  
  180  11:53  Roach  
  191  12:00  Roach x2  
  186  12:08  Roach  
  186  12:09  Roach x6  
  175  12:28  Roach x2  
  150  12:31  Roach x8  
  150  12:36  Hydralisk  
  101  12:52  Hydralisk x5  
  100  13:10  Hydralisk x3  
  100  13:12  Zergling x2  
Show
View Real Time Build Order
Export as new Build Order

Welmu Protoss - Winner!

Build Orders:  

Get SALT Encoding   

  12  0:01  Probe (Chrono Boost)  
  13  0:11  Probe (Chrono Boost)  
  14  0:17  Pylon  
  14  0:22  Probe (Chrono Boost)  
  15  0:35  Probe (Chrono Boost)  
  16  0:37  Gateway  
  16  0:42  Assimilator  
  16  0:46  Probe (Chrono Boost)  
  17  0:56  Probe (Chrono Boost)  
  18  1:01  Gateway  
  18  1:07  Probe (Chrono Boost)  
  19  1:17  Probe (Chrono Boost)  
  20  1:24  Cybernetics Core  
  20  1:28  Probe (Chrono Boost)  
  21  1:33  Pylon  
  21  1:54  Nexus  
  23  2:03  Adept (Chrono Boost)  
  23  2:06  Adept (Chrono Boost)  
  25  2:10  Probe  
  25  2:15  Assimilator  
  26  2:19  Warp Gate  
  26  2:22  Probe (Chrono Boost)  
  27  2:29  Pylon  
  27  2:34  Probe (Chrono Boost)  
  28  2:45  Mothership Core (Chrono Boost)  
  30  3:03  Probe (Chrono Boost)  
  31  3:06  Probe (Chrono Boost)  
  32  3:14  Probe (Chrono Boost)  
  32  3:16  Probe (Chrono Boost)  
  34  3:23  Gateway  
  34  3:24  Probe (Chrono Boost)  
  34  3:25  Pylon  
  36  3:27  Probe (Chrono Boost)  
  36  3:35  Probe (Chrono Boost)  
  36  3:37  Probe (Chrono Boost)  
  36  3:39  Stargate  
  36  3:41  Stargate  
  38  3:45  Probe (Chrono Boost)  
  38  3:48  Probe (Chrono Boost)  
  40  3:49  Pylon  
  40  3:56  Probe (Chrono Boost)  
  40  3:58  Probe (Chrono Boost)  
  42  4:03  Assimilator  
  42  4:06  Assimilator  
  42  4:07  Probe (Chrono Boost)  
  42  4:09  Probe (Chrono Boost)  
  44  4:17  Probe (Chrono Boost)  
  44  4:19  Probe (Chrono Boost), Pylon  
  46  4:24  Phoenix x2 (Chrono Boost)  
  46  4:29  Probe  
  46  4:30  Probe  
  52  4:38  Adept  
  52  4:39  Adept x2  
  52  4:41  Probe  
  52  4:43  Probe  
  60  4:47  Phoenix (Chrono Boost)  
  60  4:50  Phoenix (Chrono Boost)  
  64  4:57  Pylon  
  64  4:58  Pylon  
  64  5:01  Probe  
  64  5:02  Probe  
  66  5:08  Phoenix (Chrono Boost)  
  66  5:12  Phoenix (Chrono Boost)  
  70  5:26  Adept x2  
  74  5:29  Adept  
  74  5:30  Phoenix (Chrono Boost)  
  78  5:41  Nexus  
  78  5:48  Phoenix (Chrono Boost)  
  80  5:56  Probe  
  81  5:58  Twilight Council  
  81  5:59  Probe  
  81  6:01  Adept x2  
  86  6:07  Pylon  
  86  6:08  Pylon  
  86  6:18  Phoenix (Chrono Boost)  
  86  6:22  Probe  
  79  6:28  Probe (Chrono Boost)  
  79  6:29  Adept x3  
  80  6:34  Probe (Chrono Boost)  
  80  6:37  Phoenix (Chrono Boost)  
  81  6:40  Probe (Chrono Boost)  
  81  6:44  Robotics Facility  
  82  6:52  Probe (Chrono Boost)  
  82  6:54  Probe (Chrono Boost)  
  84  6:56  Probe (Chrono Boost)  
  85  7:02  Probe (Chrono Boost)  
  85  7:04  Probe (Chrono Boost)  
  85  7:07  Probe (Chrono Boost)  
  88  7:09  Assimilator  
  88  7:11  Forge  
  88  7:13  Probe (Chrono Boost), Assimilator  
  89  7:19  Probe (Chrono Boost)  
  89  7:22  Probe (Chrono Boost)  
  91  7:26  Robotics Facility  
  91  7:27  Probe (Chrono Boost)  
  91  7:31  Charge  
  91  7:32  Observer  
  91  7:33  Probe (Chrono Boost)  
  93  7:42  Pylon x2  
  93  7:44  Pylon  
  93  7:47  Zealot x3  
  99  7:54  Immortal (Chrono Boost)  
  103  8:10  Zealot x3  
  109  8:14  Templar Archives  
  109  8:16  Immortal (Chrono Boost)  
  113  8:22  Pylon  
  113  8:23  Pylon  
  113  8:26  Pylon  
  113  8:29  Immortal (Chrono Boost)  
  113  8:31  Zealot x3  
  121  8:39  Gateway  
  121  8:40  Gateway  
  121  8:41  Psionic Storm  
  121  8:48  Immortal (Chrono Boost)  
  121  8:51  High Templar  
  121  8:52  High Templar x2  
  131  9:00  Immortal  
  135  9:13  Gateway x2, Pylon  
  135  9:15  Gateway, Pylon  
  135  9:22  Immortal  
  135  9:26  High Templar x2  
  135  9:27  Zealot  
  145  9:32  Photon Cannon  
  145  9:35  Photon Cannon  
  145  9:41  Immortal  
  145  9:42  Protoss Ground Weapons Level 1 (Chrono Boost)  
  145  9:50  Sentry  
  145  9:52  High Templar x2  
  155  9:56  Archon  
  155  10:00  Pylon  
  155  10:05  Immortal  
  155  10:13  High Templar x2  
  163  10:14  Zealot  
  163  10:15  Immortal  
  169  10:25  Gateway  
  169  10:26  Pylon  
  169  10:28  Gateway  
  169  10:31  Pylon  
  169  10:32  High Templar  
  169  10:33  High Templar  
  173  10:39  Immortal  
  173  10:40  Archon  
  173  10:42  Zealot x4  
  181  11:01  Nexus  
  175  11:09  Zealot x2  
  175  11:10  Zealot x6  
  185  11:24  Immortal, Protoss Ground Armor Level 1 (Chrono Boost)  
  175  11:26  Observer  
  180  11:39  Pylon  
  180  11:40  Pylon  
  180  11:41  Pylon  
  174  11:50  Immortal  
  174  11:51  Zealot x8  
  194  12:08  Immortal  
  186  12:13  Archon  
  188  12:21  Archon  
  188  12:22  Zealot x7  
  172  12:30  Immortal  
  172  12:33  Zealot x2  
  158  12:41  Probe x2  
  158  12:43  Probe  
  155  12:46  Immortal, Assimilator  
  155  12:51  Assimilator  
  155  12:52  Zealot x3  
  165  13:01  High Templar x5  
  159  13:28  Zealot x4  
Tags
 
Add a new tag
Caveats
  • Supply blocks, unpowered buildings, or Contaminate may cause inaccurate times.
  • Supply counts are checked every 10 seconds.